 Dungeon Crawl Stone Soup version 0.29.1-12-g30fa7ad0bf (webtiles) character file.

Game seed: 11830678520672464334

18 nightchill the Trooper (level 2, 27/27 HPs)
             Began as a Hill Orc Fighter on Jan 9, 2023.
             Was a Follower of Wu Jian.
             Got out of the dungeon alive.
             The game lasted 00:01:11 (535 turns).

nightchill the Trooper (Hill Orc Fighter)            Turns: 535, Time: 00:01:12

Health: 27/27      AC:  6    Str: 18    XL:     2   Next: 70%
Magic:  2/2        EV:  9    Int:  8    God:    Wu Jian [*.....]
Gold:   38         SH:  4    Dex: 10    Spells: 1/1 levels left

rFire   . . .      SeeInvis .   a - +0 war axe
rCold   . . .      Faith    .   c - +0 buckler
rNeg    . . .      Spirit   .   b - +0 scale mail
rPois   .          Reflect  .   (no helmet)
rElec   .          Harm     .   (no cloak)
rCorr   .          Rampage  .   (no gloves)
Will    .....                   (no boots)
Stlth   ..........              (no amulet)
HPRegen 0.09/turn               (no ring)
MPRegen 0.08/turn               (no ring)

@: no status effects
A: no striking features
a: Renounce Religion


You escaped.
You worshipped Wu Jian.
Wu Jian was aware of your devotion.
You visited 1 branch of the dungeon, and saw 1 of its levels.

You collected 38 gold pieces.

Inventory:

Hand Weapons
 a - a +0 war axe (weapon)
Armour
 b - a +0 scale mail (worn)
 c - a +0 buckler (worn)
Potions
 d - a potion of might
 e - a potion of curing {unknown}


   Skills:
 + Level 4.0 Fighting
 * Level 3.8 Axes
 - Level 3.2 Armour
 - Level 3.2 Shields


You had one spell level left.
You didn't know any spells.
Your spell library was empty.

Dungeon Overview and Level Annotations

Branches:
Dungeon (1/15)

Altars:
Wu Jian


Message History

You kill the bat!
You block the frilled lizard's attack.
You closely miss the frilled lizard. The frilled lizard bites you.
You miss the frilled lizard.
The frilled lizard bites you but does no damage.
You slash the frilled lizard!
You kill the frilled lizard!
No target in view!
You see here a +0 hand axe.
You enter the shallow water.
Moving in this stuff is going to be slow.
You now have 36 gold pieces (gained 1).
There is a faded altar of an unknown god here.
You enter the shallow water.
Moving in this stuff is going to be slow.
Found 7 gold pieces.
You now have 37 gold pieces (gained 1).
You now have 38 gold pieces (gained 1).
There is a faded altar of an unknown god here.
You cannot tell which god this altar belongs to.
Convert to them anyway?
Okay, then.
You cannot tell which god this altar belongs to.
Convert to them anyway?
Wu Jian accepts your prayer! The Council welcomes you!
You can now perform damaging attacks by moving towards foes.
You can now lightly attack monsters by moving around them.
You don't know any spells.
You offer a prayer to Wu Jian.
You enter the shallow water.
Moving in this stuff is going to be slow.
You see here a +0 hand axe.
Things that are here:
a ball python corpse; a ball python corpse You see here a bat corpse.
You see here a +0 robe.
There is an escape hatch in the floor here.
There is an open door here.
There is a staircase leading out of the dungeon here.
Are you sure you want to leave the Dungeon?
This will make you lose the game!
You have escaped!

#..##.#####.###...#..# ######+#
............##....##.### #.......
.#.##.#######..##.#....###.......
.#....######..#.####.#..##.......
.###..##.#.#.#### #..##..#.......
.# #..##.....# ##..###.#.......
.# #..##..##.# ###..#.#..#.####'#
.# #.[##.#..## #..####...#.# #..
.# #..##...## #@## #..##.# ### .#
#..####.# ### ##..#.######
'####.########## ##.#....... ..#
#.....##...##### ###.......
..###.###....#.....# #.......
..#.....#######....# #.......
..'.)...'....##....## #.......
..#.....####.##.....# #.......
..#.....# ##....# ##......


There were no monsters in sight!

Vanquished Creatures
  An endoplasm (D:1)
  A giant cockroach (D:1)
  A hobgoblin (D:1)
  4 jackals (D:1)
  3 ball pythons (D:1)
  2 bats (D:1)
  A frilled lizard (D:1)
  A goblin (D:1)
  2 kobolds (D:1)
  A rat (D:1)
17 creatures vanquished.

Notes
Turn   | Place    | Note
-------+----------+-------------------------------------------
     0 | D:1      | nightchill the Hill Orc Fighter began the quest for the
                  | Orb.
     0 | D:1      | Reached XP level 1. HP: 19/19 MP: 1/1
   220 | D:1      | Reached XP level 2. HP: 25/27 MP: 2/2
   316 | D:1      | Reached skill level 4 in Fighting
   403 | D:1      | Found a faded altar of an unknown god.
   421 | D:1      | Prayed at the altar of an unknown god.
   421 | D:1      | Became a worshipper of the Wu Jian Council
   421 | D:1      | Reached * piety under Wu Jian
   535 | D:$      | Got out of the dungeon alive.

Illustrated notes

Levels and vault maps discovered:
D:1:      lemuel_arrival_tunnels, layout_basic,
          hellmonk_ecumenical_altar_pennies_from_heaven

Skill      XL: |  1  2 |
---------------+-------+-----
Axes           | 3 |  3.8
Fighting       | 4 |  4.0
Armour         | |  3.2
Shields        | |  3.2

Action                   || total
-------------------------++-------
Melee: War axe           ||    45
Armor: Scale mail        ||    23
Dodge: Dodged            ||    26
Block: Buckler           ||    11
